 Dungeon Crawl Stone Soup version 0.30.0 (webtiles) character file.

Game seed: 9642491468301341279

1 Ayyar the Protected (level 1, 0/13 HPs)
             Began as a Gnoll Wanderer on May 11, 2023.
             Slain by an endoplasm (1 damage)
             ... on level 1 of the Dungeon.
             The game lasted 00:01:17 (85 turns).

Ayyar the Protected (Gnoll Wanderer)                  Turns: 85, Time: 00:01:17

Health: 0/13       AC: 11    Str:  9    XL:     1   Next: 20%
Magic:  6/6        EV:  6    Int: 15    God:
Gold:   0          SH:  0    Dex:  9    Spells: 8/9 levels left

rFire   . . .        a - +0 club
rCold   . . .        (no shield)
rNeg    . . .        d - +0 chain mail
rPois   .            (no helmet)
rElec   .            (no cloak)
rCorr   .            (no gloves)
SInv    .            (no boots)
Will    .....        (no amulet) Stlth
                     (no ring)
HPRegen 0.22/turn    (no ring)
MPRegen 0.10/turn

%: no passive effects
@: brilliant
A: fangs 1, strong nose, distributed training
a: no special abilities


You were on level 1 of the Dungeon.
You visited 1 branch of the dungeon, and saw 1 of its levels.

Inventory:

Hand Weapons
 a - a +0 club (weapon)
Armour
 d - a +0 chain mail (worn)
Scrolls
 c - a scroll of teleportation
Potions
 b - a potion of attraction


   Skills:
 + Level 0.0 Fighting
 + Level 0.0 Short Blades
 + Level 0.0 Long Blades
 + Level 0.0 Axes
 + Level 0.0 Maces & Flails
 + Level 0.0 Polearms
 + Level 0.0 Staves
 + Level 0.0 Ranged Weapons
 + Level 0.0 Throwing
 + Level 8.4 Armour
 + Level 2.3 Dodging
 + Level 2.1 Stealth
 + Level 0.0 Shields
 + Level 0.0 Unarmed Combat
 + Level 4.8 Spellcasting
 + Level 0.0 Conjurations
 + Level 0.0 Hexes
 + Level 0.0 Summonings
 + Level 0.0 Necromancy
 + Level 0.0 Translocations
 + Level 0.0 Transmutations
 + Level 0.0 Fire Magic
 + Level 0.0 Ice Magic
 + Level 1.9 Air Magic
 + Level 0.0 Earth Magic
 + Level 0.0 Poison Magic
 + Level 0.0 Invocations
 + Level 2.3 Evocations


You had 8 spell levels left.
You knew the following spells:

 Your Spells              Type           Power      Damage    Failure   Level
a - Shock                 Conj/Air       36%        1d5       98%         1

Your spell library contained the following spells:

 Spells                   Type           Power      Damage    Failure   Level
 Swiftness                Air            14%        N/A       100%        3


Dungeon Overview and Level Annotations

Branches:
Dungeon (1/15)

Altars:


Innate Abilities, Weirdness & Mutations

You have very sharp teeth.
Your uncanny sense of smell can sniff out nearby items.
Your experience applies equally to all skills.


Message History

The frilled lizard bites you.
You miss the frilled lizard. The frilled lizard barely misses you.
You hit the frilled lizard.
You kill the frilled lizard!
You see here a frilled lizard corpse.
A goblin comes into view. It is wielding a +0 dagger.
The goblin shouts!
An endoplasm comes into view.
The endoplasm jiggles.
The goblin hits you but does no damage.
You closely miss the goblin.
The goblin hits you with a +0 dagger. x2
You closely miss the goblin. The goblin hits you but does no damage.
You hit the goblin.
The goblin is moderately wounded.
The goblin hits you with a +0 dagger.
The endoplasm hits you but does no damage.
You closely miss the goblin.
The goblin is moderately wounded.
The goblin hits you but does no damage.
The endoplasm hits you but does no damage.
The endoplasm barely misses you. The goblin hits you but does no damage.
You hit the goblin but do no damage.
The goblin is moderately wounded.
The goblin hits you but does no damage. The endoplasm freezes you.
You are frozen.
You hit the goblin. You bite the goblin, but do no damage.
The goblin is heavily wounded.
The endoplasm hits you but does no damage.
The goblin hits you but does no damage. The endoplasm freezes you.
You are frozen.
* * * LOW HITPOINT WARNING * * *
The endoplasm attacks as you move away! The endoplasm hits you.
* * * LOW HITPOINT WARNING * * *
The goblin attacks as you move away! The goblin hits you but does no damage.
It was a potion of brilliance.
You feel clever all of a sudden. The endoplasm hits you.
You die...

#.. #+### ###+##...### +..
....+ .+....'...'..
#..##...##..##...#..##.#
.##..#.....#.#..#.##.....#
.......#.......##....#..##
#.....#.(..#.....##...#.#
#......##.#..#.....####
#...J..#.##....##.###.
####g@.........#####..
#...#......######..#
####.....## ##...##
#.†.##.####..####
.#####'#####.......#
..............##.##.#
........#####.......#
###.##### #.##.### #
#.##.#


You could see an endoplasm and a goblin.

Vanquished Creatures
  A frilled lizard (D:1)
  A rat (D:1)
2 creatures vanquished.

Notes
Turn   | Place    | Note
-------+----------+-------------------------------------------
     0 | D:1      | Ayyar the Gnoll Wanderer began the quest for the Orb.
     0 | D:1      | Ayyar set off with the following items: a +0 club, a potion
                  | of attraction, a scroll of teleportation, a +0 chain mail;
                  | and the following spell memorised: Shock; and the following
                  | spells available to memorise: Swiftness.
     0 | D:1      | Reached XP level 1. HP: 13/13 MP: 6/6
    85 | D:1      | Slain by an endoplasm

Illustrated notes

Levels and vault maps discovered:
D:1:      arrival_zaba_pyramid, layout_basic, chequers_serial_rivers_small_a

Action                     || total
---------------------------++-------
  Melee: Club              ||    12
         Bite              ||     4
    Use: Potion            ||     1
 Armour: Chain mail        ||    13
  Dodge: Dodged            ||     2
